 Dungeon Crawl Stone Soup version 0.17-a0-1079-g9903972 (webtiles) character file.

210370 MackTheKnife the Cruncher (level 18, -7/147 HPs)
             Began as a Demonspawn Wizard on May 15, 2015.
             Was a Follower of Sif Muna.
             Mangled by a deep elf blademaster
             ... wielding a +0 rapier
              (19 damage)
             ... on level 3 of the Elven Halls on May 19, 2015.
             The game lasted 02:52:06 (61527 turns).

MackTheKnife the Cruncher (Demonspawn Wizard)      Turns: 61527, Time: 02:52:07

Health: -7/147     AC: 16    Str: 14    XL:     18   Next: 18%
Magic:  34/34      EV: 26    Int: 24    God:    Sif Muna [*.....]
Gold:   1783       SH:  0    Dex: 19    Spells: 12 memorised, 4 levels left

rFire  . . .     SeeInvis +     d - +5 lajatang (vamp) {!w}
rCold  + + .     Clarity  +     q - +1 ring mail {rN+}
rNeg   + . .     SustAb   .     (no shield)
rPois  .         Gourm    .     (helmet unavailable)
rElec  .         Spirit   .     L - +2 cloak {MR+}
rCorr  .         Warding  .     y - +2 pair of gloves {archery}
rMut   .         Stasis   .     b - +0 pair of boots {Fly}
MR     ++++.                    r - amulet of clarity {Clar, !d}
Stlth  ++........               J - ring of Qargh {MR++ Stlth-}
                                S - ring "Guoxolaz" {rC++ EV+3}

@: mighty, agile, flying, repel missiles, drained, incredibly resistant to
hostile enchantments, unstealthy
A: antennae 3, rugged brown scales 3, demonic guardian 2, powered by pain 2
a: Channel Energy, Renounce Religion, Stop Flying
}: 1/15 runes: serpentine


You were on level 3 of the Elven Halls.
You worshipped Sif Muna.
Sif Muna was aware of your devotion.
You were not hungry.

You visited 6 branches of the dungeon, and saw 35 of its levels.
You also visited: Labyrinth, Trove, Ossuary, Bailey, Ice Cave and Volcano.

You collected 4120 gold pieces.
You spent 2337 gold pieces at shops.

Inventory:

Hand weapons
 a - a +6 lajatang of speed
   (You acquired it on level 14 of the Dungeon)
 d - a +5 vampiric lajatang (weapon) {!w}
   (You took it off Agnes on level 4 of the Snake Pit)
Armour
 b - a +0 pair of boots of flying (worn)
   (You acquired it on level 3 of the Lair of Beasts)
 q - a +1 ring mail of positive energy (worn)
   (You found it on level 11 of the Dungeon)
 y - a +2 pair of gloves of archery (worn)
   (You found it on level 4 of the Snake Pit)
 L - a +2 cloak of magic resistance (worn)
   (You took it off Crazy Yiuf on level 7 of the Dungeon)
Jewellery
 r - an amulet of clarity (around neck) {Clar, !d}
   (You found it on level 2 of the Dungeon)
 B - an uncursed amulet of resist mutation {rMut, !d}
   (You bought it in a shop on level 4 of the Orcish Mines)
 E - an uncursed ring of poison resistance {rPois, !d}
   (You found it on level 6 of the Dungeon)
 J - the ring of Qargh (right hand) {MR++ Stlth-}
   (You bought it in a shop on level 4 of the Orcish Mines)

   [ring of loudness]

   It affects your resistance to hostile enchantments.
   It makes you less stealthy.
 S - the ring "Guoxolaz" (left hand) {rC++ EV+3}
   (You found it in a labyrinth)

   [ring of evasion]

   It affects your evasion (+3).
   It greatly protects you from cold.
Magical devices
 D - a wand of disintegration (4)
   (You took it off Sonja on level 3 of the Lair of Beasts)
 F - a wand of paralysis (9)
   (You found it on level 7 of the Dungeon)
 I - a wand of confusion (33)
   (You found it on level 3 of the Elven Halls)
Scrolls
 j - 10 scrolls of identify
 k - a scroll of magic mapping {!r}
 l - 3 scrolls of fog
 o - 2 scrolls of teleportation
 p - 8 scrolls of immolation {!r}
 s - 5 scrolls of recharging
 z - 13 scrolls of remove curse
 C - 2 scrolls of fear
 K - 2 scrolls of enchant armour
 X - 3 scrolls of blinking {!r}
Potions
 c - 4 potions of haste
 e - 3 potions of magic
 g - 6 potions of curing
 m - 2 potions of brilliance
 n - 2 potions of resistance
 v - 2 potions of heal wounds
 w - a potion of invisibility
 x - 5 potions of agility
 A - 3 potions of flight
 H - 7 potions of might
 Q - a potion of cancellation
Books
 t - a book of Enchantments
   (You found it on level 3 of the Elven Halls)
Miscellaneous
 h - a stone of tremors
   (You found it on level 1 of the Snake Pit)
 G - a fan of gales
   (You found it on level 4 of the Lair of Beasts)
Comestibles
 i - 12 fruits
 N - a slice of pizza


   Skills:
 - Level 11.5 Fighting
 - Level 14.0(13.9) Staves
 - Level 10.9(10.8) Dodging
 - Level 1.7 Stealth
 + Level 12.0 Spellcasting
 - Level 7.0 Conjurations
 - Level 6.2 Hexes
 + Level 3.6 Charms
 - Level 11.7 Summonings
 - Level 8.7 Necromancy
 - Level 0.8 Translocations
 - Level 3.1 Fire Magic
 - Level 4.2 Ice Magic
 - Level 3.0(2.9) Air Magic
 - Level 3.2 Poison Magic
 - Level 9.8(9.7) Invocations


You had 4 spell levels left.
You knew the following spells:

 Your Spells              Type           Power        Failure   Level  Hunger
a - Conjure Flame         Conj/Fire      #####...     3%          3    None
b - Repel Missiles        Chrm/Air       ####..       4%          2    None
c - Blink                 Tloc           N/A          12%         2    None
d - Spectral Weapon       Hex/Chrm       #####...     4%          3    None
e - Summon Mana Viper     Hex/Summ       ######..     10%         5    ###....
f - Shadow Creatures      Summ           N/A          1%          5    ###....
g - Magic Dart            Conj           ####         1%          1    None
r - Regeneration          Chrm/Necr      #####.....   1%          3    None
x - Mephitic Cloud        Conj/Pois/Air  #####...     6%          3    None
z - Throw Icicle          Conj/Ice       #####...     10%         4    None
A - Animate Dead          Necr           N/A          2%          4    None
P - Cure Poison           Pois           ####......   4%          2    None


Dungeon Overview and Level Annotations

Branches:
Dungeon (15/15)            Temple (0/1) D:7            Lair (8/8) D:11
 Shoals (1/4) Lair:3        Snake (4/4) Lair:4        Slime (0/6) Lair:8
    Orc (4/4) D:12            Elf (3/3) Orc:4        Vaults (0/5) D:14
 Depths (0/5) D:15

Altars:
Fedhas
Gozag
Kikubaaqudgha
Makhleb
Nemelex Xobeh
Okawaru
Ru
Sif Muna
Trog
Vehumet
Xom
Zin
Beogh
Jiyva

Shops:
D:8 ?   D:9 *   D:14 ?   Orc:2 *   Orc:4 [*(=   Elf:3 =   Snake:4 :

Annotations:
D:3 exclusion: water moccasin
D:12 Nergalle
Snake:2 Vashnia
Orc:2 Rupert
Elf:2 3 runed doors


Innate Abilities, Weirdness & Mutations

You have a pair of large antennae on your head (SInv).
You are completely covered in rugged brown scales (AC +3, +7% HP).
A demonic guardian rushes to your aid.
You sometimes gain power by taking damage.


Message History

You slice the deep elf death mage!!
You feel better.
The deep elf death mage closely misses you.
Health restored: 147 You slice the deep elf death mage!!
You kill the deep elf death mage!
You closely miss the deep elf high priest.
A deep elf blademaster comes into view. It is wielding two rapiers.
You slice the deep elf blademaster!!
You completely miss the deep elf blademaster.
The deep elf blademaster hits you with a rapier! x2
You take 17 damage, and have 130/147 hp.
You barely miss the deep elf blademaster.
The deep elf blademaster hits you but does no damage.
The deep elf blademaster hits you with a rapier.
You take 3 damage, and have 127/147 hp.
Drink which item? (? for menu, Esc to quit)
You feel agile all of a sudden.
The deep elf blademaster hits you with a rapier!
The deep elf blademaster hits you with a rapier.
You take 16 damage, and have 111/147 hp.
Unknown command.
You barely miss the deep elf blademaster.
The deep elf blademaster hits you but does no damage.
The deep elf blademaster hits you with a rapier!
You take 12 damage, and have 99/147 hp.
You hit the deep elf blademaster.
You feel better.
The deep elf blademaster completely misses you.
The deep elf blademaster closely misses you.
You regained 3 hp, and now have 102/147 hp.
You closely miss the deep elf blademaster.
The deep elf blademaster hits you with a rapier!!
The deep elf blademaster hits you but does no damage.
You take 18 damage, and have 84/147 hp.
You are too injured to fight recklessly!
You are too injured to fight recklessly!
Drink which item? (? for menu, Esc to quit)
You feel very mighty all of a sudden.
The deep elf blademaster hits you with a rapier!
The deep elf blademaster completely misses you.
The deep elf blademaster hits you but does no damage.
The deep elf blademaster misses you.
You take 9 damage, and have 75/147 hp.
You slice the deep elf blademaster!!
You feel better.
You regained 4 hp, and now have 79/147 hp.
You completely miss the deep elf blademaster.
The deep elf blademaster hits you with a rapier!
The deep elf blademaster closely misses you.
You take 9 damage, and have 70/147 hp.
You miss the deep elf blademaster.
The deep elf blademaster closely misses you.
The deep elf blademaster hits you with a rapier!
You take 12 damage, and have 58/147 hp.
You completely miss the deep elf blademaster.
The deep elf blademaster completely misses you.
The deep elf blademaster hits you but does no damage.
You slice the deep elf blademaster!!
You feel better. The deep elf blademaster misses you.
The deep elf blademaster hits you with a rapier!
You take 3 damage, and have 56/147 hp.
You miss the deep elf blademaster.
The deep elf blademaster hits you with a rapier.
The deep elf blademaster closely misses you.
You take 6 damage, and have 50/147 hp.
You closely miss the deep elf blademaster.
The deep elf blademaster completely misses you. x2
You completely miss the deep elf blademaster.
The deep elf blademaster hits you with a rapier.
The deep elf blademaster hits you with a rapier!
* * * LOW HITPOINT WARNING * * *
You take 8 damage, and have 42/147 hp.
You slash the deep elf blademaster!
You feel better.
The deep elf blademaster hits you but does no damage. x2
You regained 10 hp, and now have 52/147 hp.
You completely miss the deep elf blademaster.
The deep elf blademaster hits you but does no damage.
The deep elf blademaster misses you.
You completely miss the deep elf blademaster.
The deep elf blademaster closely misses you.
The deep elf blademaster hits you but does no damage.
You slash the deep elf blademaster!
The deep elf blademaster hits you with a rapier!
* * * LOW HITPOINT WARNING * * *
The deep elf blademaster closely misses you.
You take 11 damage, and have 41/147 hp.
You closely miss the deep elf blademaster.
The deep elf blademaster hits you with a rapier!
* * * LOW HITPOINT WARNING * * *
The deep elf blademaster hits you with a rapier!!
* * * LOW HITPOINT WARNING * * *
You focus on the pain.
You feel more agile all of a sudden.
You take 29 damage, and have 12/147 hp.
Drink which item? (? for menu, Esc to quit)
You feel much better.
The deep elf blademaster hits you with a rapier!
* * * LOW HITPOINT WARNING * * *
You focus on the pain.
You feel more agile all of a sudden.
The deep elf blademaster hits you with a rapier!!
You die...

#....'...)#.#.##.#...
#.....###..##.##.#%..
##...## #.###..#.##..
#....# #.###.#..##).
##.### #.##...#.##).
##.# #.#.#.##.##..
#.####..#..##.##..
##e##((.......##..
#@#{#...##.##.##..
####{..###.##.##..
#............)..
#..############# #.[#
#..# { #.{# { #..# {
{ #..#


You could see a deep elf blademaster.

Vanquished Creatures
  Frances (Snake:2)
  A tengu reaver (D:14)
  A greater naga (Snake:4)
  A deep elf sorcerer (Elf:2)
  A frost giant (D:11)
  2 slime creatures
  A deep elf annihilator (Elf:3)
  2 deep elf demonologists (Elf:3)
  An ettin (D:15)
  A minotaur (shapeshifter) (Elf:2)
  2 deep elf death magi (Elf:3)
  A yaktaur captain (D:14)
  A deep elf high priest (Elf:3)
  An ice dragon (Lair:8)
  A hydra (D:14)
  6 naga warriors
  4 centaur warriors
  4 anacondas
  4 tengu warriors
  3 dancing weapons (Elf:2)
  A death yak (Lair:4)
  An orc high priest (Elf:1)
  5 deep elf knights
  8 naga sharpshooters
  A shock serpent (Snake:3)
  5 unseen horrors
  A salamander mystic (Snake:2)
  The ghost of ontamu the Spear-Bearer, an experienced MfTm of Cheibriados (D:8)
  6 deep elf summoners
  5 mana vipers
  Pikel (D:9)
  7 hill giants
  A griffon (Lair:8)
  A lindwurm (Lair:8)
  7 deep elf conjurers
  2 orc knights (Bailey)
  The ghost of aves the Carver, an experienced VSFi (D:7)
  A wolf spider zombie (D:14)
  2 cyclopes
  5 ugly things
  3 manticores (D:14)
  Joseph (D:9)
  5 elephants
  20 black mambas
  2 torpor snails
  5 naga magi
  A guardian serpent (Snake:2)
  2 spiny frogs
  A fire drake (Lair:8)
  2 komodo dragons
  A queen bee (D:15)
  5 deep elf priests
  A tengu conjurer (D:15)
  5 two-headed ogres
  A jumping spider (Elf:3)
  5 blink frogs
  2 merfolk (Shoals:1)
  Grinder (D:6)
  Prince Ribbit (D:6)
  A troll (D:12)
  A boulder beetle (D:14)
  4 ravens (D:15)
  A wyvern (Lair:3)
  A trapdoor spider (Lab)
  A redback (Elf:3)
  A shadow (D:14)
  Sigmund (D:6)
  A hungry ghost (D:14)
  15 deep elf magi
  20 deep elf fighters
  10 yaks
  A basilisk (D:13)
  A vampire mosquito (D:15)
  A warg (Orc:1)
  4 hippogriffs
  3 mottled dragons
  8 wolves
  12 water moccasins
  8 porcupines
  26 nagas
  10 ice beasts
  12 orc warriors
  2 wasps
  4 sky beasts
  An eye of draining (D:14)
  3 necrophages (D:10)
  2 black bears (D:10)
  11 ogres
  2 phantoms
  6 centaurs
  A big kobold (D:10)
  15 crocodiles
  15 giant frogs
  A wyvern zombie (D:8)
  2 wyvern skeletons
  2 scorpions
  17 killer bees
  3 wights (D:6)
  A spriggan skeleton (Lab)
  An electric eel (Lair:2)
  7 crimson imps
  7 hounds
  2 jellies
  2 quasits
  6 centaur zombies
  2 giant frog skeletons
  Crazy Yiuf (D:7)
  5 centaur skeletons
  23 orc wizards
  An iron imp (D:15)
  12 orc priests
  11 iguanas
  Natasha (thrice) (D:4)
  9 worker ants
  12 sheep
  A big kobold zombie (Ossuary)
  An ogre skeleton (Lab)
  A hound skeleton (D:6)
  3 mummies (Ossuary)
  A worker ant zombie (D:10)
  A hound zombie (D:10)
  2 gnolls (D:13)
  27 river rats
  14 adders
  2 white imps
  2 shadow imps
  2 ufetubi
  An ooze (D:3)
  4 adder skeletons
  10 worms (Lair:8)
  5 giant geckos
  110 orcs
  4 ball pythons
  A bat skeleton (D:7)
  17 goblins
  13 hobgoblins
  12 jackals
  12 kobolds
  2 quokkas
  15 bats
  11 giant newts
  A giant newt (shapeshifter) (D:8)
  2 goblin zombies (Ossuary)
  2 hobgoblin zombies (Ossuary)
  An orc zombie (Ossuary)
  2 quokka zombies
  15 rats
  2 spectral orcs (D:12)
  2 fungi
  A plant (Lair:8)
802 creatures vanquished.

Vanquished Creatures (collateral kills)
  A sphinx (D:14)
  Gastronok (Lair:3)
  Agnes (Snake:4)
  5 greater nagas
  4 deep elf sorcerers
  An orc warlord (Orc:4)
  A very ugly thing (Orc:1)
  Nessos (Lair:5)
  2 deep elf annihilators (Elf:3)
  A red draconian (Volcano)
  4 vault guards (D:14)
  Snorg (D:12)
  A minotaur (Lab)
  Josephine (D:12)
  Erolcha (D:9)
  10 naga warriors
  7 hydras
  A catoblepas (Lair:2)
  A yaktaur captain (D:14)
  2 anacondas
  A dancing weapon (Elf:2)
  An ogre mage (D:15)
  2 tengu warriors
  7 shock serpents
  2 deep troll earth magi (D:11)
  10 death yaks
  An orc high priest (Orc:4)
  Urug (D:12)
  A hell knight (D:15)
  Sonja (Lair:3)
  8 naga sharpshooters
  4 salamander mystics
  2 skeletal warriors
  4 deep elf knights
  4 naga ritualists
  7 hill giants
  A wizard (D:14)
  2 ice statues (IceCv)
  3 orc knights (Orc:4)
  3 deep elf summoners
  7 ugly things
  2 deep elf conjurers (Elf:1)
  3 cyclopes (D:12)
  A cyclops (shapeshifter) (D:15)
  3 orc sorcerers
  9 mana vipers
  3 guardian serpents
  24 black mambas
  8 salamanders
  A manticore (D:14)
  4 elephants (Lair:5)
  12 naga magi
  A centaur zombie (D:11)
  A rust devil (Orc:4)
  An eye of devastation (Orc:4)
  4 torpor snails (Lair:8)
  A black mamba (shapeshifter) (D:12)
  Psyche (D:11)
  2 centaur skeletons
  11 spiny frogs
  A kobold demonologist (D:11)
  A fire drake (D:11)
  2 guardian mummies (Elf:2)
  9 komodo dragons
  4 giant leeches (Lair:8)
  A harpy zombie (D:14)
  A hellwing (Elf:1)
  5 trolls
  5 two-headed ogres
  3 deep elf priests
  A slime creature (D:14)
  2 ravens
  2 boulder beetles
  7 blink frogs
  3 redbacks
  18 yaks
  A wyvern (D:15)
  A spriggan (Lair:7)
  A shadow (D:15)
  4 deep elf magi
  5 deep elf fighters
  7 wolves
  A tarantella (Lair:8)
  2 mottled dragons (Lair:8)
  A basilisk (shapeshifter) (D:12)
  4 hungry ghosts (Lab)
  3 vampires
  6 basilisks
  6 wraiths
  5 hippogriffs
  Menkaure (D:7)
  29 nagas
  4 porcupines
  A warg (Orc:1)
  2 swamp drakes
  14 orc warriors
  A sky beast (D:10)
  11 ice beasts
  2 wasps (Lair:8)
  A phantom (D:4)
  16 water moccasins
  5 ogres
  An eye of draining (D:13)
  16 crocodiles
  4 centaurs (D:12)
  7 giant frogs
  4 brain worms (Lair:8)
  A gnoll sergeant (D:13)
  A wyvern skeleton (D:14)
  A scorpion (D:12)
  5 wights
  20 killer bees
  2 electric eels
  A giant frog skeleton (D:12)
  9 orc priests
  4 hounds
  A worker ant (D:13)
  3 spectral orcs (D:12)
  5 iguanas
  11 orc wizards
  4 sheep
  3 gnolls (D:13)
  7 river rats
  6 worms (Lair:8)
  2 giant geckos (Lair:2)
  42 orcs
  2 goblins (Orc:1)
  A jackal (D:9)
  5 giant newts (Lair:2)
  2 kobolds (D:10)
  A rat (D:9)
  A fungus (Lair:8)
  A plant (Lair:4)
583 creatures vanquished.

Vanquished Creatures (others)
  3 sun demons
  A naga sharpshooter (Snake:4)
  A shock serpent (Snake:4)
  5 ice devils
  2 naga ritualists
  85 mana vipers
  5 sixfirhies
  A guardian serpent (Snake:4)
  A salamander (Snake:4)
  A centaur skeleton (D:15)
  4 black mambas
  2 naga magi (Snake:4)
  A fire vortex (D:11)
  A water elemental (Elf:1)
  A yak (D:14)
  2 deep elf magi (Elf:1)
  5 nagas
  2 vampire mosquitoes (D:15)
  5 insubstantial wisps (Elf:1)
  2 slaves (D:9)
  42 ice beasts
  An eye of draining (D:12)
  2 phantoms
  A centaur (Volcano)
  A lost soul (Elf:3)
  A gnoll sergeant (D:12)
  A giant frog (D:12)
  31 crimson imps
  A hound (D:9)
  33 quasits
  An orc wizard (D:9)
  27 iron imps
  A worker ant (D:12)
  3 gnolls (D:12)
  28 white imps
  35 ufetubi
  6 orcs
  A hobgoblin (D:11)
  A jackal (D:9)
  2 bushes (D:10)
  5 fungi
  13 plants
367 creatures vanquished.

Grand Total: 1752 creatures vanquished

Notes
Turn   | Place    | Note
--------------------------------------------------------------
     0 | D:1      | MackTheKnife the Demonspawn Wizard began the quest for the Orb.
     0 | D:1      | Reached XP level 1. HP: 13/13 MP: 4/4
   534 | D:2      | Gained mutation: A weak demonic guardian rushes to your aid. [demonic ancestry]
   534 | D:2      | Reached XP level 2. HP: 19/19 MP: 0/6
   728 | D:2      | Reached skill level 2 in Conjurations
  1078 | D:2      | Learned a level 2 spell: Call Imp
  1305 | D:2      | Reached XP level 3. HP: 24/24 MP: 1/8
  1881 | D:3      | Learned a level 3 spell: Conjure Flame
  2110 | D:3      | Gained mutation: You are partially covered in rugged brown scales (AC +1, +3% HP). [demonic ancestry]
  2110 | D:3      | Reached XP level 4. HP: 19/30 MP: 1/9
  2581 | D:3      | Noticed a water moccasin
  2712 | D:3      | Reached skill level 4 in Spellcasting
  2809 | D:4      | Found a sand-covered staircase.
  2815 | Ossuary  | Entered an ossuary
  2860 | Ossuary  | Reached skill level 3 in Conjurations
  2887 | Ossuary  | Reached skill level 1 in Fire Magic
  2887 | Ossuary  | Gained mutation: You are mostly covered in rugged brown scales (AC +2, +5% HP). [demonic ancestry]
  2887 | Ossuary  | Reached XP level 5. HP: 17/36 MP: 0/11
  3450 | D:4      | Learned a level 3 spell: Mephitic Cloud
  3491 | D:4      | Noticed an ogre
  3505 | D:4      | Killed an ogre
  3505 | D:4      | Reached skill level 2 in Fire Magic
  3505 | D:4      | Gained mutation: You have a pair of small antennae on your head. [demonic ancestry]
  3505 | D:4      | Reached XP level 6. HP: 43/43 MP: 2/12
  3702 | D:4      | Noticed Natasha
  3708 | D:4      | Killed Natasha
  3708 | D:4      | Reached skill level 4 in Conjurations
  4213 | D:4      | Noticed Natasha
  4220 | D:4      | Killed Natasha
  4582 | D:4      | Reached skill level 5 in Spellcasting
  4582 | D:4      | Reached skill level 3 in Fire Magic
  4582 | D:4      | Reached XP level 7. HP: 32/48 MP: 0/14
  4609 | D:4      | Gained mutation: You are occasionally teleported to nearby monsters. [potion of mutation]
  4609 | D:4      | Gained mutation: You occasionally shout uncontrollably at your foes. [potion of mutation]
  4609 | D:4      | HP: 7/48 [scorpion (9)]
  4970 | D:4      | Noticed Natasha
  4971 | D:4      | Killed Natasha
  5014 | D:5      | Entered Level 5 of the Dungeon
  5072 | D:5      | Reached skill level 5 in Conjurations
  5072 | D:5      | Reached skill level 1 in Poison Magic
  5095 | D:5      | Reached skill level 1 in Air Magic
  5676 | D:5      | Found a deep blue altar of Sif Muna.
  5677 | D:5      | Found an ancient bone altar of Kikubaaqudgha.
  5681 | D:5      | Became a worshipper of Sif Muna the Loreminder
  5711 | D:5      | Found a radiant altar of Vehumet.
  5718 | D:5      | Reached skill level 2 in Poison Magic
  6195 | D:5      | Found a sparkling altar of Nemelex Xobeh.
  6291 | D:6      | Noticed Sigmund
  6299 | D:6      | Noticed Prince Ribbit
  6396 | D:6      | Reached XP level 8. HP: 54/54 MP: 16/16
  6455 | D:6      | Reached skill level 2 in Air Magic
  6518 | D:6      | Noticed Grinder
  6567 | D:6      | Killed Grinder
  6612 | D:6      | Acquired Sif Muna's first power
  6612 | D:6      | Reached skill level 3 in Poison Magic
  6695 | D:6      | Killed Sigmund
  6695 | D:6      | Reached skill level 6 in Spellcasting
  6695 | D:6      | Reached skill level 6 in Conjurations
  6695 | D:6      | Reached skill level 3 in Air Magic
  7110 | D:6      | Killed Prince Ribbit
  7629 | D:6      | Acquired Sif Muna's second power
  7755 | D:6      | Reached skill level 7 in Conjurations
  7893 | D:6      | Reached XP level 9. HP: 59/59 MP: 15/19
  8011 | D:7      | Found a staircase to the Ecumenical Temple.
  8057 | D:7      | Found a flagged portal.
  8092 | Bailey   | Entered a bailey
  8154 | Bailey   | Reached skill level 2 in Dodging
  8167 | Bailey   | Noticed an orc knight
  8337 | Bailey   | Killed an orc knight
  8337 | Bailey   | Reached skill level 4 in Dodging
  8349 | Bailey   | Noticed an orc knight
  8352 | Bailey   | Reached skill level 1 in Fighting
  8356 | Bailey   | Killed an orc knight
  8356 | Bailey   | Reached skill level 3 in Fighting
  8356 | Bailey   | Reached skill level 5 in Dodging
  9032 | D:7      | Found an iron altar of Okawaru.
  9055 | D:7      | Noticed aves's ghost (experienced VSFi)
  9067 | D:7      | Killed aves's ghost
  9067 | D:7      | Reached skill level 4 in Fighting
  9067 | D:7      | Reached skill level 6 in Dodging
  9126 | D:7      | Noticed Menkaure
  9136 | D:7      | HP: 11/69 [??? (8)]
  9137 | D:7      | Killed Menkaure
  9589 | D:7      | Gained mutation: You are completely covered in rugged brown scales (AC +3, +7% HP). [demonic ancestry]
  9589 | D:7      | Reached XP level 10. HP: 64/78 MP: 20/20
  9771 | D:7      | Noticed Crazy Yiuf
  9786 | D:7      | Killed Crazy Yiuf
 10021 | D:8      | Reached skill level 5 in Fighting
 10080 | D:8      | Noticed ontamu's ghost (experienced MfTm)
 10095 | D:8      | Killed ontamu's ghost
 10095 | D:8      | Reached skill level 7 in Spellcasting
 10095 | D:8      | Reached skill level 2 in Summonings
 10246 | D:8      | Reached skill level 3 in Summonings
 10343 | D:8      | Found Ogivi's Magic Scroll Boutique.
 10351 | D:8      | Bought a scroll of teleportation for 48 gold pieces
 10351 | D:8      | Bought a scroll of enchant armour for 120 gold pieces
 10418 | D:8      | Noticed a purple ugly thing
 10450 | D:8      | Killed a purple ugly thing
 10699 | D:8      | Found an opulent altar of Gozag.
 10700 | D:8      | Found a glowing silver altar of Zin.
 10789 | D:8      | Reached skill level 4 in Summonings
 10847 | D:8      | Learned a level 3 spell: Call Canine Familiar
 11370 | D:9      | Noticed Joseph
 11371 | D:9      | Got a bloodstained cloak
 11389 | D:8      | Identified the +0 cloak of Inevitability {Dex+5} (You found it on level 9 of the Dungeon)
 11500 | D:9      | Noticed a guardian serpent
 11520 | D:9      | HP: 19/79 [guardian serpent (10)]
 11520 | D:9      | Killed a guardian serpent
 11520 | D:9      | Reached skill level 8 in Spellcasting
 11963 | D:9      | Noticed Pikel
 11979 | D:9      | Killed Pikel
 11979 | D:9      | Reached skill level 5 in Summonings
 12250 | D:9      | Noticed Erolcha
 12447 | D:9      | Learned a level 4 spell: Summon Ice Beast
 12461 | D:9      | Found Ryonio's General Store.
 12469 | D:9      | Bought a potion of might for 52 gold pieces
 12476 | D:9      | Noticed a guardian serpent
 12487 | D:9      | HP: 10/79 [guardian serpent (15)]
 12489 | D:9      | Killed a guardian serpent
 12489 | D:9      | Reached skill level 1 in Ice Magic
 13079 | D:9      | Killed Joseph
 13079 | D:9      | Acquired Sif Muna's third power
 13079 | D:9      | Reached skill level 6 in Summonings
 13079 | D:9      | Reached skill level 2 in Ice Magic
 13225 | D:9      | Found a sacrificial altar of Ru.
 13225 | D:9      | Found a blossoming altar of Fedhas.
 13226 | D:9      | Found a burning altar of Makhleb.
 13226 | D:9      | Found a shimmering altar of Xom.
 13332 | D:9      | Killed Erolcha
 13695 | D:10     | Entered Level 10 of the Dungeon
 13706 | D:10     | Noticed a hill giant
 13728 | D:9      | Killed a hill giant
 13728 | D:9      | Reached skill level 3 in Ice Magic
 13728 | D:9      | Reached XP level 11. HP: 44/84 MP: 5/23
 14207 | D:10     | Noticed a purple ugly thing
 14211 | D:10     | Reached skill level 7 in Summonings
 14218 | D:10     | Killed a purple ugly thing
 14218 | D:10     | Reached skill level 4 in Ice Magic
 14474 | D:10     | Learned a level 5 spell: Summon Mana Viper
 14549 | D:10     | Noticed a hill giant
 14768 | D:10     | Killed a hill giant
 14768 | D:10     | Reached skill level 1 in Hexes
 14908 | D:10     | Reached skill level 2 in Hexes
 14926 | D:10     | Noticed a hill giant
 14938 | D:10     | Killed a hill giant
 15102 | D:10     | Killed an unseen horror
 15102 | D:10     | Reached skill level 3 in Hexes
 15102 | D:10     | Reached skill level 8 in Summonings
 15345 | D:10     | Found a blossoming altar of Fedhas.
 15511 | D:10     | Noticed a hill giant
 15516 | D:10     | Killed a hill giant
 15565 | D:10     | Noticed a hill giant
 15578 | D:10     | Killed a hill giant
 15578 | D:10     | Reached skill level 4 in Hexes
 16043 | D:11     | Found a staircase to the Lair.
 16168 | D:11     | Reached skill level 5 in Hexes
 16168 | D:11     | Reached skill level 9 in Summonings
 16193 | D:11     | Noticed Psyche
 16726 | D:11     | Received a gift from Sif Muna
 16727 | D:11     | Identified Yjorch's Compendium of Toxic Malediction (Sif Muna gifted it to you on level 11 of the Dungeon)
 16978 | D:11     | Learned a level 5 spell: Shadow Creatures
 16999 | D:11     | Killed Psyche
 17125 | D:11     | Noticed a deep troll earth mage
 17127 | D:11     | Noticed a catoblepas
 17128 | D:11     | Noticed a deep troll earth mage
 17136 | D:11     | Noticed a salamander stormcaller
 17137 | D:11     | Noticed a frost giant
 17464 | D:11     | Killed a deep troll earth mage
 17558 | D:11     | Noticed a hill giant
 17694 | D:11     | Killed a deep troll earth mage
 17694 | D:11     | Reached skill level 6 in Hexes
 17694 | D:11     | Reached XP level 12. HP: 92/92 MP: 5/24
 17700 | D:11     | Found a runed door.
 17850 | Lair:1   | Entered Level 1 of the Lair of Beasts
 18200 | Lair:1   | Noticed a four-headed hydra
 18210 | Lair:1   | Killed a four-headed hydra
 18510 | Lair:1   | Reached skill level 7 in Dodging
 19196 | Lair:2   | Reached skill level 6 in Fighting
 20287 | Lair:3   | Found a staircase to the Shoals.
 20510 | Lair:3   | Reached skill level 7 in Fighting
 20649 | Lair:3   | Noticed Gastronok
 20657 | Lair:3   | Killed Gastronok
 20803 | Lair:3   | Identified a scroll of acquirement
 20832 | Lair:3   | Reached skill level 8 in Fighting
 21056 | Lair:3   | Noticed Sonja
 21061 | Lair:3   | Killed Sonja
 21646 | Lair:4   | Lost mutation: You occasionally shout uncontrollably at your foes. [potion of cure mutation]
 21646 | Lair:4   | Lost mutation: You are occasionally teleported to nearby monsters. [potion of cure mutation]
 21649 | Lair:4   | Reached skill level 10 in Summonings
 21951 | Lair:4   | Found a staircase to the Snake Pit.
 22119 | Lair:4   | Reached skill level 9 in Spellcasting
 23216 | Lair:4   | Noticed an eight-headed hydra
 23222 | Lair:4   | Killed an eight-headed hydra
 23445 | Lair:5   | Noticed Nessos
 23491 | Lair:5   | Killed Nessos
 23491 | Lair:5   | Gained mutation: You have a pair of antennae on your head. [demonic ancestry]
 23491 | Lair:5   | Reached XP level 13. HP: 88/105 MP: 4/26
 24079 | Lair:5   | Received a gift from Sif Muna
 24082 | Lair:5   | Identified Sif Muna's Guide on Displaced Curses (Sif Muna gifted it to you on level 5 of the Lair of Beasts)
 24092 | Lair:5   | Reached skill level 11 in Summonings
 24506 | Lair:6   | Found a dark tunnel.
 24512 | Volcano  | Entered a volcano
 24529 | Volcano  | Noticed a red draconian
 24560 | Volcano  | Killed a red draconian
 24592 | Volcano  | HP: 16/105 [orc warrior/broad axe of flaming (17)]
 24600 | Volcano  | Reached skill level 10 in Spellcasting
 27317 | Lair:7   | Reached skill level 1 in Invocations
 27323 | Lair:7   | Reached skill level 2 in Invocations
 27504 | Lair:7   | Reached skill level 3 in Invocations
 27969 | Lair:8   | Entered Level 8 of the Lair of Beasts
 27976 | Lair:8   | Reached skill level 4 in Invocations
 27988 | Lair:8   | Reached skill level 5 in Invocations
 28127 | Lair:8   | Found a runed door.
 28204 | Lair:8   | Got a glittering silver amulet
 28205 | Lair:8   | Identified the amulet of Jealousy {Stasis *Confuse Str+5 Int+7} (You found it on level 8 of the Lair of Beasts)
 28213 | Lair:8   | Found a viscous altar of Jiyva.
 28213 | Lair:8   | Found a staircase to the Slime Pits.
 28300 | Lair:8   | Reached skill level 6 in Invocations
 28514 | Lair:8   | HP: 26/105 [fire dragon/blast of flame (17)]
 28518 | Lair:8   | Identified the Catalogue of Aid and Orientation (You found it on level 8 of the Lair of Beasts)
 28520 | Lair:8   | HP: 18/105 [komodo dragon (10)]
 29164 | Lair:7   | Reached skill level 7 in Invocations
 29390 | Lair:8   | Learned a level 3 spell: Regeneration
 29423 | Lair:8   | Reached skill level 1 in Staves
 29427 | Lair:8   | HP: 26/105 [tarantella (14)]
 29763 | Lair:8   | Reached skill level 2 in Staves
 30045 | Lair:8   | Reached skill level 3 in Staves
 30176 | Lair:8   | Reached skill level 4 in Staves
 30358 | Lair:8   | Got a transparent leather armour
 30359 | Lair:8   | Identified the cursed +1 leather armour "Sodystraz" {Slay+3} (You found it on level 8 of the Lair of Beasts)
 30920 | Lair:8   | Reached skill level 5 in Staves
 31114 | Lair:8   | Got a translucent morningstar
 31115 | Lair:8   | Identified the +9 morningstar of Agony {crush, *Corrode +Fly rN+++} (You found it on level 8 of the Lair of Beasts)
 31630 | Lair:2   | Noticed a catoblepas
 31638 | Lair:2   | Killed a catoblepas
 31647 | Lair:2   | Learned a level 2 spell: Repel Missiles
 31650 | Lair:2   | Learned a level 2 spell: Blink
 31701 | D:12     | Found a labyrinth entrance.
 31710 | D:12     | Noticed Urug
 31715 | Lab      | Entered a labyrinth
 32044 | Lab      | Gained mutation: You sometimes gain a little power by taking damage. [demonic ancestry]
 32044 | Lab      | Reached XP level 14. HP: 82/113 MP: 20/28
 32604 | Lab      | Reached skill level 6 in Staves
 32609 | Lab      | Got a faintly humming leather armour
 32609 | Lab      | Got a scorched pewter ring
 32613 | Lab      | Identified the ring "Guoxolaz" {rC++ EV+3} (You found it in a labyrinth)
 32617 | Lab      | Identified the cursed +0 leather armour of Efuts {Regen+ Slay+2 SInv} (You found it in a labyrinth)
 32635 | D:12     | Killed Urug
 32880 | D:12     | Found a staircase to the Orcish Mines.
 32959 | D:12     | Reached skill level 9 in Fighting
 33191 | D:12     | Noticed Snorg
 33192 | D:12     | Found an ancient bone altar of Kikubaaqudgha.
 33201 | D:12     | HP: 27/115 [Snorg (17)]
 33206 | D:12     | HP: 23/115 [Snorg (3)]
 33207 | D:12     | Killed Snorg
 33250 | D:12     | Noticed Josephine
 33286 | D:11     | HP: 10/115 [salamander stormcaller/great blast of fire (36)]
 33692 | D:12     | Reached skill level 8 in Dodging
 33926 | D:12     | Reached skill level 8 in Invocations
 33934 | D:12     | Noticed Nergalle
 34257 | D:12     | Killed Josephine
 34563 | D:12     | Reached skill level 9 in Invocations
 34599 | D:12     | HP: 26/115 [something (8)]
 35187 | D:12     | Noticed a green very ugly thing
 35193 | Orc:1    | Entered Level 1 of the Orcish Mines
 35529 | Orc:2    | Found Qacibom's Assorted Antiques.
 35686 | Orc:2    | Bought a scroll labeled ZYECEB FEUCACK for 31 gold pieces
 35686 | Orc:2    | Bought a potion of heal wounds for 155 gold pieces
 35840 | Orc:3    | Noticed Rupert
 35893 | Orc:2    | HP: 28/115 [Rupert/battleaxe of freezing (30)]
 36295 | Orc:3    | Reached skill level 1 in Necromancy
 36495 | Orc:3    | Found a deep blue altar of Sif Muna.
 36526 | Orc:3    | Identified Sif Muna's Grimoire of Confrontation
 36549 | Orc:4    | Entered Level 4 of the Orcish Mines
 36555 | Orc:4    | Found a frozen archway.
 36582 | Orc:4    | Reached skill level 2 in Necromancy
 36586 | IceCv    | Entered an ice cave
 36733 | IceCv    | Reached skill level 3 in Necromancy
 37044 | Orc:4    | Noticed an orc warlord
 37088 | Orc:4    | Killed an orc warlord
 37088 | Orc:4    | Reached skill level 4 in Necromancy
 37373 | Orc:4    | Reached skill level 5 in Necromancy
 37404 | Orc:4    | Received a gift from Sif Muna
 37405 | Orc:4    | Identified Sif Muna's Primer on Sorcery (Sif Muna gifted it to you on level 4 of the Orcish Mines)
 37740 | Orc:4    | Found a roughly hewn altar of Beogh.
 37756 | Orc:4    | Found Eren's Jewellery Shop.
 37774 | Orc:4    | Found Ucuzihes's General Store.
 37790 | Orc:4    | Found Yqaixeon's Antique Armour Shop.
 37805 | Orc:4    | Found Bopto's Antique Weapon Shop.
 37829 | Orc:4    | Bought an uncursed amulet of resist mutation for 480 gold pieces
 37845 | Orc:4    | Bought the ring of Qargh {MR++ Stlth-} for 366 gold pieces
 37953 | Orc:4    | Found a staircase to the Elven Halls.
 38059 | Elf:1    | Entered Level 1 of the Elven Halls
 38096 | Elf:1    | Reached skill level 6 in Necromancy
 38232 | Elf:1    | HP: 28/115 [poisoned by a redback]
 38237 | Elf:1    | HP: 22/115 [poisoned by a redback]
 38238 | Orc:4    | HP: 7/115 [poisoned by a redback]
 38659 | Orc:1    | Found a roughly hewn altar of Beogh.
 39322 | D:13     | Learned a level 4 spell: Throw Icicle
 40124 | D:14     | Noticed a deep elf sorcerer
 40141 | D:14     | Killed a deep elf sorcerer
 40164 | D:15     | Entered Level 15 of the Dungeon
 41279 | D:15     | Reached skill level 7 in Staves
 41589 | D:15     | Found a staircase to the Depths.
 41628 | D:15     | Reached XP level 15. HP: 104/121 MP: 25/29
 41979 | D:15     | Reached skill level 8 in Staves
 42860 | D:14     | Found a gate to the Vaults.
 42946 | D:14     | Reached skill level 9 in Staves
 43304 | D:14     | Found Dobacreus's Magic Scroll Emporium.
 43426 | D:14     | Bought a scroll of acquirement for 728 gold pieces
 43426 | D:14     | Bought a scroll of teleportation for 42 gold pieces
 43426 | D:14     | Bought a scroll of blinking for 105 gold pieces
 43426 | D:14     | Bought a scroll of blinking for 105 gold pieces
 43426 | D:14     | Bought a scroll of blinking for 105 gold pieces
 43797 | D:14     | Found a sacrificial altar of Ru.
 44057 | D:14     | Reached skill level 10 in Staves
 44193 | D:14     | Noticed a tengu reaver
 44717 | D:14     | Killed a tengu reaver
 45087 | D:14     | Noticed a sphinx
 45108 | D:14     | Killed a sphinx
 45499 | Lair:4   | Reached skill level 11 in Staves
 45541 | Snake:1  | Entered Level 1 of the Snake Pit
 45884 | Snake:1  | Found a burning altar of Makhleb.
 45944 | Snake:1  | Reached skill level 10 in Fighting
 45944 | Snake:1  | Gained mutation: You have a pair of large antennae on your head (SInv). [demonic ancestry]
 45944 | Snake:1  | Reached XP level 16. HP: 122/132 MP: 30/30
 47105 | Snake:1  | Found a bloodstained altar of Trog.
 47286 | Snake:1  | HP: 33/132 [naga warrior/flail (25)]
 47719 | Snake:1  | Reached skill level 9 in Dodging
 48260 | Snake:2  | Noticed Frances
 48269 | Snake:2  | Killed Frances
 48532 | Snake:2  | HP: 28/132 [shock serpent/bolt of electricity (17)]
 49035 | Snake:2  | Reached skill level 12 in Staves
 49724 | Snake:2  | Reached skill level 10 in Dodging
 49865 | Snake:2  | Noticed Vashnia
 49925 | Snake:2  | Gained mutation: A demonic guardian rushes to your aid. [demonic ancestry]
 49925 | Snake:2  | Reached XP level 17. HP: 118/139 MP: 25/31
 50569 | Snake:3  | Got a pair of transparent gloves
 50570 | Snake:3  | Identified the +1 pair of gloves of Grottiness {-Cast Str+4 SInv Stlth+} (You found it on level 3 of the Snake Pit)
 51593 | Snake:4  | Entered Level 4 of the Snake Pit
 51662 | Snake:4  | Reached skill level 13 in Staves
 52175 | Snake:4  | HP: 28/139 [shock serpent/bolt of electricity (14)]
 52588 | Snake:4  | Found Raduvegy's Book Shop.
 53038 | Snake:4  | HP: 33/139 [naga sharpshooter/bolt of frost (9)]
 53044 | Snake:4  | HP: 33/139 [poisoned by a greater naga (splash of poison)]
 53538 | Snake:4  | Noticed Agnes
 53578 | Snake:4  | Killed Agnes
 53578 | Snake:4  | Reached skill level 14 in Staves
 53583 | Snake:4  | HP: 32/139 [naga sharpshooter/bolt of flame (5)]
 53981 | Snake:4  | Reached skill level 11 in Fighting
 54025 | Snake:4  | HP: 29/140 [naga sharpshooter/bolt of flame (9)]
 54585 | Snake:4  | HP: 27/140 [naga mage/orb of energy (22)]
 54588 | Snake:4  | HP: 13/140 [naga mage/poison arrow (13)]
 55408 | Snake:4  | Got a serpentine rune of Zot
 56087 | Lair:2   | Learned a level 4 spell: Animate Dead
 56091 | Lair:2   | Learned a level 2 spell: Cure Poison
 56091 | Lair:2   | Upgraded the game from 0.17-a0-1020-ge683cc4 to 0.17-a0-1079-g9903972
 56173 | Shoals:1 | Entered Level 1 of the Shoals
 56470 | D:11     | Killed a frost giant
 56526 | Orc:1    | Killed a green very ugly thing
 57087 | Elf:1    | Reached skill level 7 in Necromancy
 57282 | Elf:1    | Found an ancient bone altar of Kikubaaqudgha.
 57540 | Elf:1    | Reached skill level 11 in Spellcasting
 58041 | Elf:1    | Noticed a deep elf sorcerer
 58054 | Elf:1    | Killed a deep elf sorcerer
 58061 | Elf:1    | Identified Fuosittu's Tome of Supportive Battle Magic
 58267 | Elf:1    | Got a translucent chain mail
 58527 | Elf:2    | Reached skill level 8 in Necromancy
 59221 | Elf:2    | Found a runed gate.
 59221 | Elf:2    | Found a runed gate.
 59221 | Elf:2    | Found a runed gate.
 59461 | Elf:2    | Found a portal to a secret trove of treasure.
 59505 | Elf:2    | Identified the +8 chain mail "Ujeiduost" {rPois Int+4 Slay-4} (You found it on level 1 of the Elven Halls)
 59523 | Trove    | Entered a treasure trove
 59585 | Trove    | Identified Woikhuet's Compendium of the Floating Escort
 59598 | Trove    | Identified Pefiagol's Grimoire of Shifting Dislocation
 59615 | Trove    | Identified Wumpeeb's Grimoire of Bewitchment
 59618 | Trove    | Identified Sif Muna's Catalogue of the Ensnaring Entourage
 59621 | Trove    | Identified Ustruc Elov's Reference Book on Floating Attacks
 59624 | Trove    | Identified the Almanac of Aid and Stolen Souls
 59654 | Elf:2    | Learned a level 3 spell: Spectral Weapon
 59832 | Elf:3    | Entered Level 3 of the Elven Halls
 60008 | Elf:3    | Reached skill level 1 in Charms
 60008 | Elf:3    | Gained mutation: You sometimes gain power by taking damage. [demonic ancestry]
 60008 | Elf:3    | Reached XP level 18. HP: 144/147 MP: 28/33
 60603 | Elf:3    | Found Jyatulur's Jewellery Boutique.
 60772 | Elf:3    | Reached skill level 2 in Charms
 61349 | Elf:3    | Reached skill level 3 in Charms
 61478 | Elf:3    | Reached skill level 12 in Spellcasting
 61526 | Elf:3    | HP: 32/147 [deep elf blademaster/rapier (9)]
 61526 | Elf:3    | HP: 12/147 [deep elf blademaster/rapier (20)]
 61527 | Elf:3    | Mangled by a deep elf blademaster

Vault maps used:
D:1:      dpeg_arrival_rooms_c
D:2:      first_bread
D:4:      enter_ossuary_1, uniq_natasha
D:5:      vehumet_altar_wand_db, nemelex_deck, gammafunk_temple_overflow_statue
D:6:      hangedman_decor_lopped, uniq_grinder, uniq_sigmund,
          uniq_prince_ribbit1
D:7:      old_standard_altar, temple_fountains, enter_bailey_3, grunt_ogre_cave,
          uniq_menkaure, uniq_crazy_yiuf_cottage
D:8:      grunt_temple_overflow_gold_and_silver, serial_shops, shop_statue
D:9:      nrook_guardian_serpent_snake_passage,
          grunt_temple_overflow_cloverleaf, serial_shops, shop, hive_lemuel,
          uniq_joseph, uniq_pikel, uniq_erolcha
D:10:     fedhas_altar_decomposition
D:11:     minmay_lair_entry_lava, minivault_13, uniq_psyche
D:12:     minmay_concentric_multi, hiddenorc1_lemuel, lab_entry_generic,
          basic_altar, uniq_snorg, uniq_urug, uniq_josephine, uniq_nergalle
D:13:     kennysheep_generic_room_11
D:14:     thingy_vault, lightli_vaults_fourway_checkpoint,
          minmay_misc_feat_pillars, serial_shops, shop, nicolae_ru_awakened_eye
D:15:     hangedman_depths_entry_civil_slaughter, special_room,
          nrook_pool_corridor
Lair:2:   lemuel_reptile_caves
Lair:3:   elwin_shoals_entry_rocks, hibernation_bobbens, uniq_sonja,
          uniq_gastronok
Lair:4:   minmay_snake_entry_six_corridors, serial_bayou_shore_a
Lair:5:   bh_autumn_forest_stairs, uniq_nessos
Lair:6:   nicolae_volcano_entry_hallway, minivault_24, minivault_26,
          infiniplex_staircase_pool
Lair:7:   grunt_forest_large_clearings
Lair:8:   guppyfry_lair_end_dragon, wormcave, slime_altar_1, grunt_megastairs_3
Shoals:1: nicolae_shoals_cliffside_cave, nicolae_shoals_seven_spires,
          nicolae_shoals_circle_sea_wall
Snake:1:  nicolae_snake_biting_tails, spider_trap, hangedman_feature_mirror
Snake:2:  serial_bayou_shore_b, uniq_vashnia, uniq_frances
Snake:4:  minmay_snake_end_coiled, serial_shops, shop_statue, uniq_agnes
Orc:1:    david_defended_altar_orc
Orc:2:    serial_shops, shop_fountains
Orc:3:    nicolae_orc_pool_cavern, led_sif_book, uniq_rupert
Orc:4:    grunt_orc_cross, portal_ice_cave_entry_ice_beasts
Elf:1:    minmay_elf_arrival_circle, basic_altar, serial_aquarium,
          aquarium_bridge_island_small, aquarium_window_1, aquarium_window_1,
          aquarium_window_fake, aquarium_view_2b, aquarium_balcony_3a,
          aquarium_pool_2, minmay_elf_sorcery, uniq_louise
Elf:2:    nicolae_trove_entry_path_of_doom, minmay_misc_feat_rows
Elf:3:    minmay_elf_hall_dome, serial_shops, nicolae_shop_statue_plus
Lab:      nicolae_lab_diamond, nicolae_lab_starburst, nicolae_lab_arrow
Trove:    trove_library
Ossuary:  ossuary_crypta
Bailey:   bailey_polearm_1, bailey
IceCv:    ice_cave_statue_garden_01
Volcano:  volcano_pools

Action                   |  1- 3 |  4- 6 |  7- 9 | 10-12 | 13-15 | 16-18 || total
-------------------------+-------+-------+-------+-------+-------+-------++-------
Melee: Spear             |    73 |    16 |       |       |       |       ||    89
       Unarmed           |     4 |       |       |       |       |       ||     4
       Quarterstaff      |       |    39 |       |   720 |  1256 |       ||  2015
       Dagger            |       |    65 |   263 |     4 |       |       ||   332
       Lajatang          |       |       |       |       |   223 |  1164 ||  1387
 Cast: Magic Dart        |    46 |    72 |   145 |   154 |     3 |       ||   420
       Call Imp          |     2 |     4 |     4 |     8 |       |       ||    18
       Conjure Flame     |       |     3 |     7 |    34 |     5 |       ||    49
       Mephitic Cloud    |       |     5 |    29 |    68 |    80 |     1 ||   183
       Call Canine Famil |       |       |       |     8 |       |       ||     8
       Summon Ice Beast  |       |       |       |    37 |    84 |     6 ||   127
       Summon Mana Viper |       |       |       |    67 |   267 |   155 ||   489
       Shadow Creatures  |       |       |       |     5 |    27 |    47 ||    79
       Throw Icicle      |       |       |       |       |    29 |     2 ||    31
       Repel Missiles    |       |       |       |       |     7 |    17 ||    24
       Regeneration      |       |       |       |       |    14 |    16 ||    30
       Blink             |       |       |       |       |     3 |     1 ||     4
       Spectral Weapon   |       |       |       |       |       |     1 ||     1
Invok: Channel Energy    |       |       |       |     2 |   177 |    41 ||   220
       Forget Spell      |       |       |       |     2 |       |     1 ||     3
Evoke: Wand              |       |     1 |     4 |       |     9 |    10 ||    24
       Fan of gales      |       |       |       |       |     4 |       ||     4
  Use: Scroll            |     5 |     9 |     4 |    14 |    24 |     9 ||    65
       Potion            |       |     9 |     4 |     7 |    11 |     7 ||    38
 Stab: Sleeping          |     3 |     1 |     3 |     2 |     1 |       ||    10
       Distracted        |       |     1 |     3 |     7 |     9 |    11 ||    31
       Invisible         |       |     1 |       |       |       |       ||     1
       Paralysed         |       |       |     6 |     5 |    18 |       ||    29
       Confused          |       |       |     4 |    12 |    24 |       ||    40
       Petrifying        |       |       |       |     3 |     2 |       ||     5
  Eat: Chunk             |     4 |     2 |     8 |    39 |    69 |    18 ||   140
       Beef jerky        |       |     1 |     2 |     7 |     1 |     3 ||    14
       Bread ration      |       |     1 |     1 |     4 |    11 |     6 ||    23
       Pizza             |       |       |     1 |       |     1 |     1 ||     3
       Royal jelly       |       |       |       |       |     9 |     3 ||    12
       Meat ration       |       |       |       |       |     2 |     6 ||     8
       Fruit             |       |       |       |       |     1 |    10 ||    11

Vault maps used:
D:1:      dpeg_arrival_rooms_c
D:2:      first_bread
D:4:      enter_ossuary_1, uniq_natasha
D:5:      vehumet_altar_wand_db, nemelex_deck, gammafunk_temple_overflow_statue
D:6:      hangedman_decor_lopped, uniq_grinder, uniq_sigmund,
          uniq_prince_ribbit1
D:7:      old_standard_altar, temple_fountains, enter_bailey_3, grunt_ogre_cave,
          uniq_menkaure, uniq_crazy_yiuf_cottage
D:8:      grunt_temple_overflow_gold_and_silver, serial_shops, shop_statue
D:9:      nrook_guardian_serpent_snake_passage,
          grunt_temple_overflow_cloverleaf, serial_shops, shop, hive_lemuel,
          uniq_joseph, uniq_pikel, uniq_erolcha
D:10:     fedhas_altar_decomposition
D:11:     minmay_lair_entry_lava, minivault_13, uniq_psyche
D:12:     minmay_concentric_multi, hiddenorc1_lemuel, lab_entry_generic,
          basic_altar, uniq_snorg, uniq_urug, uniq_josephine, uniq_nergalle
D:13:     kennysheep_generic_room_11
D:14:     thingy_vault, lightli_vaults_fourway_checkpoint,
          minmay_misc_feat_pillars, serial_shops, shop, nicolae_ru_awakened_eye
D:15:     hangedman_depths_entry_civil_slaughter, special_room,
          nrook_pool_corridor
Lair:2:   lemuel_reptile_caves
Lair:3:   elwin_shoals_entry_rocks, hibernation_bobbens, uniq_sonja,
          uniq_gastronok
Lair:4:   minmay_snake_entry_six_corridors, serial_bayou_shore_a
Lair:5:   bh_autumn_forest_stairs, uniq_nessos
Lair:6:   nicolae_volcano_entry_hallway, minivault_24, minivault_26,
          infiniplex_staircase_pool
Lair:7:   grunt_forest_large_clearings
Lair:8:   guppyfry_lair_end_dragon, wormcave, slime_altar_1, grunt_megastairs_3
Shoals:1: nicolae_shoals_cliffside_cave, nicolae_shoals_seven_spires,
          nicolae_shoals_circle_sea_wall
Snake:1:  nicolae_snake_biting_tails, spider_trap, hangedman_feature_mirror
Snake:2:  serial_bayou_shore_b, uniq_vashnia, uniq_frances
Snake:4:  minmay_snake_end_coiled, serial_shops, shop_statue, uniq_agnes
Orc:1:    david_defended_altar_orc
Orc:2:    serial_shops, shop_fountains
Orc:3:    nicolae_orc_pool_cavern, led_sif_book, uniq_rupert
Orc:4:    grunt_orc_cross, portal_ice_cave_entry_ice_beasts
Elf:1:    minmay_elf_arrival_circle, basic_altar, serial_aquarium,
          aquarium_bridge_island_small, aquarium_window_1, aquarium_window_1,
          aquarium_window_fake, aquarium_view_2b, aquarium_balcony_3a,
          aquarium_pool_2, minmay_elf_sorcery, uniq_louise
Elf:2:    nicolae_trove_entry_path_of_doom, minmay_misc_feat_rows
Elf:3:    minmay_elf_hall_dome, serial_shops, nicolae_shop_statue_plus
Lab:      nicolae_lab_diamond, nicolae_lab_starburst, nicolae_lab_arrow
Trove:    trove_library
Ossuary:  ossuary_crypta
Bailey:   bailey_polearm_1, bailey
IceCv:    ice_cave_statue_garden_01
Volcano:  volcano_pools

Table legend:
 A = Turns spent in this place as a percentage of turns spent in the entire game.
 B = Non-inter-level travel turns spent in this place as a percentage of non-inter-level travel turns spent in the entire game.
 C = Inter-level travel turns spent in this place as a percentage of turns spent in this place.
 D = Turns resting spent in this place as a percentage of non-inter-level travel turns spent in this place.
 E = Turns spent auto-exploring this place as a percentage of non-inter-level travel turns spent in this place.
 F = Non-inter-level travel turns spent in this place divided by the number of levels of this place that you've seen.
                   A       B       C       D       E      F
               +-------+-------+-------+-------+-------+----------------------
         Total | 100.0 | 100.0 |   0.5 |   4.0 |   4.0 | 483.9
       Dungeon |  38.3 |  38.3 |   0.5 |   4.5 |   5.3 | 506.3
          Lair |  19.9 |  19.8 |   0.7 |   4.2 |   3.6 | 492.2
        Shoals |   0.3 |   0.3 |   1.6 |   0.0 |   0.0 |  63.0
     Snake Pit |  16.9 |  16.9 |   0.4 |   5.0 |   2.5 | 839.2
  Orcish Mines |   7.2 |   7.2 |   1.0 |   2.6 |   5.5 | 356.5
   Elven Halls |   8.4 |   8.4 |   0.2 |   2.1 |   5.4 | 553.7
     Labyrinth |   4.1 |   4.1 |   0.0 |   0.6 |   0.0 | 823.0
         Trove |   0.4 |   0.4 |   0.0 |   2.5 |   0.0 |  80.0
       Ossuary |   1.3 |   1.3 |   0.0 |   5.0 |   0.0 | 259.0
        Bailey |   1.6 |   1.6 |   0.0 |   1.2 |   0.0 | 323.0
      Ice Cave |   0.6 |   0.6 |   0.0 |   3.6 |   0.0 | 110.0
       Volcano |   1.0 |   1.0 |   0.0 |   4.9 |   0.0 | 206.0
               +-------+-------+-------+-------+-------+----------------------

Table legend:
 A = Kills in this place as a percentage of kills in entire the game.
 B = Kills by you in this place as a percentage of kills by you in the entire game.
 C = Kills by friends in this place as a percentage of kills by friends in the entire game.
 D = Other kills in this place as a percentage of other kills in the entire game.
 E = Experience gained in this place as a percentage of experience gained in the entire game.
 F = Experience gained in this place divided by the number of levels of this place that you have seen.
                   A       B       C       D       E      F
               +-------+-------+-------+-------+-------+----------------------
         Total | 100.0 | 100.0 | 100.0 | 100.0 | 100.0 | 6054.8
       Dungeon |  38.6 |  45.0 |  29.4 |  47.7 |  30.2 | 5003.1
          Lair |  23.3 |  18.1 |  30.8 |  15.4 |  17.1 | 5310.9
        Shoals |   0.1 |   0.3 |   0.0 |   0.0 |   0.2 | 610.0
     Snake Pit |  14.0 |  10.6 |  20.0 |   0.0 |  29.5 | 18321.8
  Orcish Mines |  13.2 |  13.3 |  13.7 |   7.7 |   3.5 | 2152.5
   Elven Halls |   7.0 |   9.9 |   3.9 |   1.5 |  16.9 | 13990.7
     Labyrinth |   0.6 |   0.4 |   0.9 |   0.0 |   0.6 | 1414.0
       Ossuary |   0.8 |   1.5 |   0.0 |   0.0 |   0.1 | 160.0
        Bailey |   1.2 |   0.1 |   0.0 |  23.1 |   0.7 | 1798.0
      Ice Cave |   0.7 |   0.4 |   1.1 |   0.0 |   0.6 | 1454.0
       Volcano |   0.5 |   0.3 |   0.4 |   4.6 |   0.6 | 1406.0
               +-------+-------+-------+-------+-------+----------------------
